 Dungeon Crawl Stone Soup version 0.26.1-2-gb8aa6d0cf2 (webtiles) character file.

Game seed: 9079414555935607012

30 Alarak the Insei (level 3, -7/28 HPs)
             Began as a Gnoll Transmuter on Mar 20, 2021.
             Killed from afar by a white imp (9 damage)
             ... with a puff of frost
             ... on level 1 of the Dungeon.
             The game lasted 00:03:13 (1556 turns).

Alarak the Insei (Gnoll Transmuter)                 Turns: 1556, Time: 00:03:13

Health: -7/28      AC:  3    Str: 13    XL:     3   Next: 20%
Magic:  7/9        EV: 14    Int: 15    God:
Gold:   33         SH:  0    Dex: 15    Spells: 9/12 levels left

rFire    . . .     SeeInvis .   d - +0 spear
rCold    . . .     Faith    .   (no shield)
rNeg     . . .     Spirit   .   g - +0 leather armour
rPois    .         Reflect  .   (helmet currently unavailable)
rElec    .         Harm     .   (no cloak)
rCorr    .         Rampage  .   (no gloves)
Will     .....                  (boots currently unavailable)
Stlth    +.........             (no amulet)
HPRegen  0.09/turn              (no ring)
MPRegen  0.11/turn              (no ring)

@: appendages, wereblooded
A: distributed training, fangs 1, horns 2, talons 2, strong nose
a: End Transformation


You were on level 1 of the Dungeon.
You had grown temporary horns.
You had grown temporary talons.
You visited 1 branch of the dungeon, and saw 2 of its levels.

You collected 33 gold pieces.

Inventory:

Hand Weapons
 c - a +0 whip
 d - a +0 spear (weapon)
Armour
 a - a +0 robe
 g - a +0 leather armour (worn)
Scrolls
 b - 2 scrolls of fear {unknown}
 h - a scroll of remove curse {unknown}
 i - a scroll of enchant armour {unknown}
Potions
 e - 2 potions of degeneration {unknown}
 f - a potion of magic {unknown}


   Skills:
 + Level 2.5 Fighting
 + Level 0.6 Short Blades
 + Level 0.6 Long Blades
 + Level 0.6 Axes
 + Level 0.6 Maces & Flails
 + Level 0.6 Polearms
 + Level 0.6 Staves
 + Level 0.6 Slings
 + Level 0.6 Bows
 + Level 0.6 Crossbows
 + Level 0.6 Throwing
 + Level 0.6 Armour
 + Level 4.5 Dodging
 + Level 0.6 Stealth
 + Level 0.6 Shields
 + Level 6.5 Unarmed Combat
 + Level 5.0 Spellcasting
 + Level 0.4 Conjurations
 + Level 0.4 Hexes
 + Level 0.4 Summonings
 + Level 0.4 Necromancy
 + Level 0.4 Translocations
 + Level 3.7 Transmutations
 + Level 0.4 Fire Magic
 + Level 0.4 Ice Magic
 + Level 0.4 Air Magic
 + Level 0.4 Earth Magic
 + Level 0.4 Poison Magic
 + Level 0.8 Invocations
 + Level 0.6 Evocations


You had 9 spell levels left.
You knew the following spells:

 Your Spells              Type           Power        Failure   Level
a - Beastly Appendage     Tmut           30%          4%          1
b - Wereblood             Tmut           15%          7%          2

Your spell library contained the following spells:

 Spells                   Type           Power        Failure   Level
 Spider Form              Tmut/Pois      5%           26%         3
 Ice Form                 Ice/Tmut       10%          65%         4
 Blade Hands              Tmut           7%           77%         5


Dungeon Overview and Level Annotations

Branches:
Dungeon (2/15)

Altars:


Innate Abilities, Weirdness & Mutations

Your experience applies equally to all skills.
You have very sharp teeth.
Your uncanny sense of smell can sniff out nearby items.
You have a pair of horns on your head.
You have razor-sharp toenails.


Message History

You hit the hobgoblin but do no damage.
You claw the hobgoblin, but do no damage.
The white imp closely misses you. The hobgoblin hits you.
You closely miss the hobgoblin. Your kick misses the hobgoblin.
The white imp hits you.
* * * LOW HITPOINT WARNING * * *
The white imp freezes you.
* * * LOW HITPOINT WARNING * * *
The hobgoblin barely misses you. The white imp barely misses you.
The hobgoblin barely misses you.
The white imp shouts, "Decamp, thou villainous fool-headed joithead!"
The white imp completely misses you.
You climb upwards.
There is a stone staircase leading down here.
Your leather armour prevents you from hitting the hobgoblin.
You claw the hobgoblin, but do no damage.
The hobgoblin misses you. The white imp gestures at you.
The puff of frost hits you!
You die...

#.#.............# #.#
#.......#.#...#.# #.#
####.####.......#####.#####
#####.# ####.####.........#
#.....# #)# #.###.###.#
#.##### ##'## #.# #...#.#
#.# ##...###.# ###.#.# #.###
##.....##.#####.#.# #.#.##
##......@#.........#
#....####......5.g####...###
........'.........'.......#
#....####.........####...##
#.#.## ##.......## ##..#
#)### ##.....## ##.# #...#
##[..## #.# ###.# ##'## #.#
#.# #.# #.#


You could see a white imp and a hobgoblin.

Vanquished Creatures
  An adder (D:1)
  3 giant cockroaches (D:1)
  4 goblins (D:1)
  A hobgoblin (D:1)
  3 bats (D:1)
  2 frilled lizards (D:1)
  4 kobolds
  3 rats (D:1)
21 creatures vanquished.

Vanquished Creatures (others)
  4 toadstools (D:2)
4 creatures vanquished.

Grand Total: 25 creatures vanquished

Notes
Turn   | Place    | Note
-------+----------+-------------------------------------------
     0 | D:1      | Alarak the Gnoll Transmuter began the quest for the Orb.
     0 | D:1      | Reached XP level 1. HP: 17/17 MP: 6/6
   343 | D:1      | Reached XP level 2. HP: 23/23 MP: 7/7
   346 | D:1      | Learned a level 2 spell: Wereblood
  1296 | D:1      | Reached skill level 5 in Spellcasting
  1296 | D:1      | Reached XP level 3. HP: 8/28 MP: 4/9
  1553 | D:2      | HP: 1/28 [white imp (5)]
  1556 | D:1      | Killed from afar by a white imp

Illustrated notes

Levels and vault maps discovered:
D:1:      dpeg_arrival_renting, layout_loops_corners
D:2:      layout_basic, overflow_temple_1_default,
          nicolae_overflow_hidden_temple, grunt_ministairs_10,
          minmay_gold_behind_fungi, st_stairs_4

Skill      XL: |  1  2 |
---------------+-------+-----
Spellcasting   | 5 |  5.0
Fighting       | |  2.5
Short Blades   | |  0.6
Long Blades    | |  0.6
Axes           | |  0.6
Maces & Flails | |  0.6
Polearms       | |  0.6
Staves         | |  0.6
Slings         | |  0.6
Bows           | |  0.6
Crossbows      | |  0.6
Throwing       | |  0.6
Armour         | |  0.6
Dodging        | |  4.5
Stealth        | |  0.6
Shields        | |  0.6
Unarmed Combat | |  6.5
Conjurations   | |  0.4
Hexes          | |  0.4
Summonings     | |  0.4
Necromancy     | |  0.4
Translocations | |  0.4
Transmutations | |  3.7
Fire Magic     | |  0.4
Ice Magic      | |  0.4
Air Magic      | |  0.4
Earth Magic    | |  0.4
Poison Magic   | |  0.4
Invocations    | |  0.8
Evocations     | |  0.6

Action                   || total
-------------------------++-------
Melee: Spear             ||    41
       Unarmed           ||     4
       Headbutt          ||     4
       Kick              ||     6
       Bite              ||     3
 Cast: Beastly Appendage ||     9
       Wereblood         ||     6
Armor: Leather armour    ||     4
Dodge: Dodged            ||    31
